 Dungeon Crawl Stone Soup version 0.24.0-123-gd5b16e6ec5 (webtiles) character file.

Game seed: 17247153235794236511, levelgen mode: deterministic

161 Curus the Spear-Bearer (level 5, -2/38 HPs)
             Began as a Merfolk Gladiator on Jan 8, 2020.
             Slain by a gnoll
             ... wielding a +0 whip
              (8 damage)
             ... on level 3 of the Dungeon.
             The game lasted 00:07:12 (2276 turns).

Curus the Spear-Bearer (Merfolk Gladiator)          Turns: 2276, Time: 00:07:13

Health: -2/38      AC:  5    Str: 15    XL:     5   Next: 42%
Magic:  14/14      EV: 14    Int:  7    God:
Gold:   93         SH:  0    Dex: 16    Spells: 4/4 levels left

rFire    . . .     SeeInvis .   a - +1 trident
rCold    . . .     Gourm    .   (no shield)
rNeg     . . .     Faith    .   b - +0 leather armour
rPois    .         Spirit   .   m - +1 helmet
rElec    .         Reflect  .   (no cloak)
rCorr    .         Harm     .   (no gloves)
MR       .....                  (no boots)
Stlth    ++........             h - amulet of rage (curse)
HPRegen  0.12/turn              l - ring of magical power
MPRegen  0.14/turn              o - ring of stealth

@: no status effects
A: change form in water, swift swim, stealthy swim
a: Evoke Berserk Rage


You were on level 3 of the Dungeon.
You were not hungry.

You visited 1 branch of the dungeon, and saw 3 of its levels.

You collected 93 gold pieces.

Inventory:

Hand Weapons
 a - a +1 trident (weapon)
 j - a +1 spear of piercing
Missiles
 d - 3 throwing nets (quivered)
Armour
 b - a +0 leather armour (worn)
 c - a +0 helmet
 m - a +1 helmet (worn)
Jewellery
 h - a cursed amulet of rage (around neck)
 l - a ring of magical power (left hand)
 o - a ring of stealth (right hand)
Scrolls
 g - a scroll of fear
 i - 4 scrolls of identify
Potions
 e - 3 potions of degeneration
 k - a potion of agility
 n - a potion of curing
Comestibles
 f - 4 rations
 p - 2 chunks of flesh


   Skills:
 - Level 2.1 Fighting
 + Level 8.6 Polearms
 - Level 2.0 Throwing
 - Level 4.0 Dodging


You had 4 spell levels left.
You didn't know any spells.
Your spell library was empty.

Dungeon Overview and Level Annotations

Branches:
Dungeon (3/15)

Altars:


Message History

The gnoll hits you with a +0 whip.
* * * LOW HITPOINT WARNING * * *
You hit the gnoll.
The gnoll is severely wounded.
You closely miss the gnoll.
The gnoll is severely wounded.
The gnoll closely misses you.
You barely miss the gnoll.
The gnoll is severely wounded.
The gnoll misses you.
You closely miss the gnoll.
The gnoll is severely wounded.
The gnoll barely misses you.
You closely miss the gnoll.
The gnoll is severely wounded.
The gnoll misses you.
You hit the gnoll but do no damage.
The gnoll is severely wounded.
The gnoll hits you with a +0 whip!
You die...

.......## #.#.###.######
......... #.#.###.......
........###.#.#.#.........
........#.#.#.#.#.........
........#...#.#..)........
........#.###............<
..........................
#####.)##g##......########
#.. #@##.###### #
#=.##.........# #
#..##.........# # ####
#..##......)..# #
....##..##.........# # P
≈≈P≈...##.........# #♣♣
≈≈♣P≈PPPPP##.........# ##♣♣P♣
P≈≈≈♣ ♣≈P..P........###≈♣♣≈≈
..P..≈♣♣≈≈PP≈P.<.....#P♣≈≈≈≈P


You could see a gnoll.

Vanquished Creatures
  Robin (D:3)
  5 gnolls (D:3)
  2 adders
  A worm (D:3)
  A dart slug (D:2)
  An orc (D:3)
  2 giant cockroaches
  20 goblins
  6 hobgoblins
  10 jackals
  2 quokkas
  A ball python (D:2)
  2 bats (D:2)
  2 frilled lizards
  12 kobolds
  10 rats
78 creatures vanquished.

Vanquished Creatures (others)
  A plant (D:3)
1 creature vanquished.

Grand Total: 79 creatures vanquished

Notes
Turn   | Place    | Note
-------+----------+-------------------------------------------
     0 | D:1      | Curus the Merfolk Gladiator began the quest for the Orb.
     0 | D:1      | Reached XP level 1. HP: 16/16 MP: 1/1
    86 | D:1      | Reached skill level 5 in Polearms
   172 | D:1      | Reached XP level 2. HP: 21/22 MP: 2/2
   711 | D:2      | Reached skill level 6 in Polearms
   711 | D:2      | Reached XP level 3. HP: 27/27 MP: 3/3
  1479 | D:2      | Reached skill level 7 in Polearms
  1479 | D:2      | Reached XP level 4. HP: 28/33 MP: 4/4
  1638 | D:3      | Noticed Robin
  1678 | D:3      | HP: 1/33 [Robin/+0 trident (3)]
  1680 | D:3      | Killed Robin
  2158 | D:3      | Reached skill level 8 in Polearms
  2158 | D:3      | Reached XP level 5. HP: 25/38 MP: 5/5
  2276 | D:3      | Slain by a gnoll

Levels and vault maps discovered:
D:1:      shiori_arrival_maze, layout_loops_ring, minmay_pentomino_z4
D:2:      layout_basic
D:3:      layout_basic, chequers_temple_overflow_minitemple, serial_bayou,
          serial_bayou_lagoon_a, serial_bayou_crossing, serial_bayou_lake_a,
          serial_bayou_pond_e, uniq_robin

Skill      XL: |  1  2  3  4 |
---------------+-------------+-----
Polearms       | 5 6 7 8 |  8.6
Fighting       | |  2.1
Throwing       | |  2.0
Dodging        | |  4.0

Action                   |  1- 3 |  4- 6 || total
-------------------------+-------+-------++-------
Melee: Trident           |    94 |   126 ||   220
       Tailslap          |       |     2 ||     2
  Use: Scroll            |     7 |     1 ||     8
       Potion            |     4 |       ||     4
 Stab: Sleeping          |     3 |     2 ||     5
  Eat: Chunk             |     2 |     2 ||     4
Armor: Leather armour    |    14 |    18 ||    32
Dodge: Dodged            |    43 |    69 ||   112
